[Event "Lueneburg Open-A 2019"]
[Site "Lueneburg"]
[Date "2019.08.06"]
[Round "4.36"]
[White "Buchaeckert, Juergen"]
[Black "Anderberg, Peter"]
[Result "1/2-1/2"]
[ECO "C22"]
[WhiteElo "1839"]
[BlackElo "2014"]
[Annotator "NA"]
[PlyCount "30"]
[EventDate "2019.08.03"]
[EventType "swiss"]
[EventCountry "GER"]
[SourceTitle "playchess.com"]
[Source "ChessBase"]
[SourceQuality "1"]
[TimeControl "40/5400+30:1800+30"]

1. e4 e5 2. d4 exd4 3. Qxd4 Nc6 4. Qe3 g6 5. Nc3 Bg7 6. Bd2 Nf6 7. O-O-O O-O 8. Bc4 Re8 9. Nf3 Na5 10. Bd3 c6 11. Qg5 d5 12. exd5 h6 13. Qh4 cxd5 14. Bxh6 Bxh6+ 15. Qxh6 Ng4 1/2-1/2

[Event "Lueneburg Open-A 2019"]
[Site "Lueneburg"]
[Date "2019.08.06"]
[Round "4.37"]
[White "Lu, Siyuan"]
[Black "Nielsen, Joerg"]
[Result "1/2-1/2"]
[ECO "B02"]
[WhiteElo "1711"]
[BlackElo "2000"]
[Annotator "NA"]
[PlyCount "101"]
[EventDate "2019.08.03"]
[EventType "swiss"]
[EventCountry "GER"]
[SourceTitle "playchess.com"]
[Source "ChessBase"]
[SourceQuality "1"]
[TimeControl "40/5400+30:1800+30"]

1. e4 Nf6 2. Nc3 d5 3. exd5 Nxd5 4. Bc4 e6 5. Nxd5 exd5 6. Be2 Bd6 7. d4 O-O 8. Nf3 Re8 9. O-O h6 10. h3 Nd7 11. Bd3 Nf6 12. Re1 Ne4 13. Nd2 f5 14. Nxe4 fxe4 15. Be2 Qh4 16. Bg4 Rf8 17. Be3 c6 18. g3 Bxg4 19. Qxg4 Qxg4 20. hxg4 g5 21. Kg2 Rf3 22. Re2 b5 23. c3 Kg7 24. Rc1 Kg6 25. a4 bxa4 26. Ra1 Rff8 27. Rxa4 a5 28. Re1 Rfb8 29. Rb1 Rb5 30. c4 Rb4 31. Rxb4 Bxb4 32. cxd5 cxd5 33. Rc1 Ra6 34. Rc7 Rb6 35. Rd7 Rd6 36. Rc7 Ra6 37. Kf1 Kf6 38. Ke2 Rb6 39. Bc1 Bd6 40. Ra7 Bb4 41. Rc7 Ke6 42. Kd1 Bd6 43. Ra7 Rb4 44. Be3 Rxb2 45. Rxa5 Rb6 46. Ra7 Be7 47. Kc2 Bd6 48. Bd2 Rc6+ 49. Kb3 Be7 50. Rb7 Bd6 51. Rc7 1/2-1/2

[Event "Lueneburg Open-A 2019"]
[Site "Lueneburg"]
[Date "2019.08.07"]
[Round "5.1"]
[White "Wachinger, David"]
[Black "Ertan, Can"]
[Result "0-1"]
[ECO "A32"]
[WhiteElo "2045"]
[BlackElo "2396"]
[Annotator "NA"]
[PlyCount "74"]
[EventDate "2019.08.03"]
[EventType "swiss"]
[EventCountry "GER"]
[SourceTitle "playchess.com"]
[Source "ChessBase"]
[SourceQuality "1"]
[TimeControl "40/5400+30:1800+30"]

1. d4 Nf6 2. c4 c5 3. Nf3 cxd4 4. Nxd4 e6 5. Nc3 d5 6. cxd5 Nxd5 7. Bd2 Bc5 8. Nb3 Bb6 9. e4 Nb4 10. Bb5+ N8c6 11. O-O O-O 12. Qh5 a6 13. Be2 h6 14. Rad1 Qf6 15. Be3 Bxe3 16. fxe3 Qe5 17. a3 Nc2 18. Qxe5 Nxe5 19. Kf2 f5 20. Bf3 fxe4 21. Nxe4 Bd7 22. Rd2 Bc6 23. Rxc2 Bxe4 24. Rc7 Nxf3 25. gxf3 Rxf3+ 26. Ke2 Rh3 27. Rf2 Rf8 28. Rxf8+ Kxf8 29. Nc5 Rxh2+ 30. Ke1 Bf5 31. Rxb7 h5 32. Nxa6 h4 33. Rb8+ Kf7 34. Rh8 h3 35. b4 Rb2 36. e4 Bg4 37. Nc5 h2 0-1

[Event "Lueneburg Open-A 2019"]
[Site "Lueneburg"]
[Date "2019.08.07"]
[Round "5.2"]
[White "Ovsejevitsch, Sergei"]
[Black "Jahncke, Giso"]
[Result "1/2-1/2"]
[ECO "C26"]
[WhiteElo "2590"]
[BlackElo "2325"]
[Annotator "ChessBase"]
[PlyCount "62"]
[EventDate "2019.08.03"]
[EventType "swiss"]
[EventCountry "GER"]
[SourceTitle "playchess.com"]
[Source "ChessBase"]
[SourceQuality "1"]
[TimeControl "40/5400+30:1800+30"]

1. e4 e5 2. Nc3 Nf6 3. d4 exd4 4. Qxd4 Nc6 5. Qd3 d5 6. Bf4 Nb4 7. Qe2 dxe4 8. a3 Nbd5 9. O-O-O c6 10. Nxe4 Nxe4 11. Qxe4+ Qe7 12. Qxe7+ Bxe7 13. Bg3 Be6 14. Nf3 O-O-O 15. Bc4 Bf6 16. h4 h6 17. Ne5 Rhe8 18. Rhe1 Re7 19. Bb3 g5 20. hxg5 hxg5 21. Nc4 Nf4 22. Bxf4 Bxc4 23. Bxc4 Rxd1+ 24. Rxd1 gxf4 25. c3 b5 26. Bd3 Bh4 27. Rf1 Kc7 28. Kd2 Kb6 29. f3 a5 30. Be4 f6 31. Rh1 Bf2 1/2-1/2

[Event "Lueneburg Open-A 2019"]
[Site "Lueneburg"]
[Date "2019.08.07"]
[Round "5.3"]
[White "Stork, Oliver"]
[Black "Kollars, Dmitrij"]
[Result "0-1"]
[ECO "A21"]
[WhiteElo "2322"]
[BlackElo "2581"]
[Annotator "ChessBase"]
[PlyCount "82"]
[EventDate "2019.08.03"]
[EventType "swiss"]
[EventCountry "GER"]
[SourceTitle "playchess.com"]
[Source "ChessBase"]
[SourceQuality "1"]
[TimeControl "40/5400+30:1800+30"]

1. c4 e5 2. Nc3 Bb4 3. Nd5 a5 4. e3 Nf6 5. Nxb4 axb4 6. d4 exd4 7. Qxd4 Nc6 8. Qd1 O-O 9. Nf3 d5 10. cxd5 Qxd5 11. Qxd5 Nxd5 12. Bd3 Rd8 13. O-O Bg4 14. Rd1 Ne5 15. Be2 c5 16. Bd2 Nb6 17. b3 f6 18. Kf1 Nd3 19. Be1 Nxe1 20. Kxe1 Rxd1+ 21. Kxd1 Kf8 22. Nd2 Bxe2+ 23. Kxe2 Nd5 24. Ne4 b6 25. Kd3 Ke7 26. Kc4 Nc7 27. g4 g6 28. Ng3 Kd7 29. h4 Kc6 30. Kd3 Nb5 31. h5 Rd8+ 32. Ke2 Nc3+ 33. Kf3 Ra8 34. hxg6 hxg6 35. Rh1 Rxa2 36. Rh6 c4 37. Rxg6 cxb3 38. g5 b2 39. gxf6 b1=Q 40. f7+ Qxg6 41. f8=Q Kb5 0-1

[Event "Lueneburg Open-A 2019"]
[Site "Lueneburg"]
[Date "2019.08.07"]
[Round "5.4"]
[White "Vorobiov, Evgeny E."]
[Black "Colpe, Malte"]
[Result "1/2-1/2"]
[ECO "E04"]
[WhiteElo "2578"]
[BlackElo "2367"]
[Annotator "ChessBase"]
[PlyCount "23"]
[EventDate "2019.08.03"]
[EventType "swiss"]
[EventCountry "GER"]
[SourceTitle "playchess.com"]
[Source "ChessBase"]
[SourceQuality "1"]
[TimeControl "40/5400+30:1800+30"]

1. d4 Nf6 2. c4 e6 3. Nf3 d5 4. g3 dxc4 5. Bg2 Bd7 6. Ne5 Bc6 7. Nxc6 Nxc6 8. O-O Qd7 9. e3 O-O-O 10. Nd2 e5 11. Nxc4 exd4 12. Qb3 1/2-1/2

[Event "Lueneburg Open-A 2019"]
[Site "Lueneburg"]
[Date "2019.08.07"]
[Round "5.6"]
[White "Feuerstack, Aljoscha"]
[Black "Weishaeutel, Moritz"]
[Result "1/2-1/2"]
[ECO "B84"]
[WhiteElo "2441"]
[BlackElo "2276"]
[Annotator "NA"]
[PlyCount "53"]
[EventDate "2019.08.03"]
[EventType "swiss"]
[EventCountry "GER"]
[SourceTitle "playchess.com"]
[Source "ChessBase"]
[SourceQuality "1"]
[TimeControl "40/5400+30:1800+30"]

1. e4 c5 2. Nf3 d6 3. d4 cxd4 4. Nxd4 Nf6 5. Nc3 a6 6. Be2 Nbd7 7. Be3 e6 8. g4 h6 9. f4 g5 10. f5 Ne5 11. h4 gxh4 12. fxe6 fxe6 13. g5 hxg5 14. Bxg5 Be7 15. Qd2 Nh5 16. Bxe7 Qxe7 17. Bxh5+ Rxh5 18. O-O-O Bd7 19. Rhg1 O-O-O 20. Nf5 exf5 21. Nd5 Qf8 22. Qa5 Kb8 23. Qc7+ Ka7 24. Qb6+ Kb8 25. Qc7+ Ka7 26. Qb6+ Kb8 27. Qc7+ 1/2-1/2

[Event "Lueneburg Open-A 2019"]
[Site "Lueneburg"]
[Date "2019.08.07"]
[Round "5.7"]
[White "Kolbus, Dietmar"]
[Black "Carlstedt, Jonathan"]
[Result "0-1"]
[ECO "A09"]
[WhiteElo "2281"]
[BlackElo "2408"]
[Annotator "NA"]
[PlyCount "70"]
[EventDate "2019.08.03"]
[EventType "swiss"]
[EventCountry "GER"]
[SourceTitle "playchess.com"]
[Source "ChessBase"]
[SourceQuality "1"]
[TimeControl "40/5400+30:1800+30"]

1. Nf3 d5 2. c4 d4 3. e4 Nc6 4. d3 e5 5. g3 Be7 6. Bg2 h5 7. h4 Nf6 8. a3 a5 9. b3 Nd7 10. Qc2 Nc5 11. O-O Bg4 12. Re1 Bxf3 13. Bxf3 g5 14. hxg5 Bxg5 15. Nd2 Qf6 16. Bg2 h4 17. Nf1 Bxc1 18. Raxc1 h3 19. Bh1 h2+ 20. Kg2 O-O-O 21. Nd2 Rdg8 22. Nf3 Qh6 23. Kf1 f5 24. Nd2 f4 25. gxf4 Ne6 26. Ke2 Nxf4+ 27. Kd1 Rg1 28. Qb1 Qh3 29. f3 Ng2 30. Kc2 Nxe1+ 31. Rxe1 Qg3 32. Rf1 Rxf1 33. Qxf1 Qg1 34. Kd1 Qxf1+ 35. Nxf1 Rg8 0-1

[Event "Lueneburg Open-A 2019"]
[Site "Lueneburg"]
[Date "2019.08.07"]
[Round "5.8"]
[White "Sriram, Jha"]
[Black "Koellner, Christof"]
[Result "1-0"]
[ECO "A55"]
[WhiteElo "2381"]
[BlackElo "2091"]
[Annotator "NA"]
[PlyCount "79"]
[EventDate "2019.08.03"]
[EventType "swiss"]
[EventCountry "GER"]
[SourceTitle "playchess.com"]
[Source "ChessBase"]
[SourceQuality "1"]
[TimeControl "40/5400+30:1800+30"]

1. d4 Nf6 2. Nf3 d6 3. g3 c6 4. Bg2 Nbd7 5. c4 e5 6. Nc3 Be7 7. e4 O-O 8. O-O Re8 9. Re1 Qc7 10. h3 a6 11. a4 a5 12. Be3 Bf8 13. Qc2 exd4 14. Nxd4 Nc5 15. Rad1 h6 16. f4 Bd7 17. Bf2 h5 18. Nf3 Qc8 19. Kh2 g6 20. Bd4 Nh7 21. Rd2 Qc7 22. b3 Rad8 23. Rde2 Qb6 24. Rb1 Bg7 25. Qd1 Be6 26. Bxg7 Kxg7 27. Nd4 Bc8 28. Qd2 Qc7 29. Nd1 Nf6 30. Nf2 Re7 31. Rbe1 Rde8 32. Qc3 Be6 33. Kg1 Qb6 34. e5 dxe5 35. Rxe5 Kg8 36. f5 gxf5 37. Nxf5 Qb4 38. Nxe7+ Rxe7 39. Qxb4 axb4 40. Rxc5 1-0

[Event "Lueneburg Open-A 2019"]
[Site "Lueneburg"]
[Date "2019.08.07"]
[Round "5.9"]
[White "Buchenau, Frank"]
[Black "Chennaoui, Yasin"]
[Result "1-0"]
[ECO "B21"]
[WhiteElo "2294"]
[BlackElo "2092"]
[Annotator "NA"]
[PlyCount "127"]
[EventDate "2019.08.03"]
[EventType "swiss"]
[EventCountry "GER"]
[SourceTitle "playchess.com"]
[Source "ChessBase"]
[SourceQuality "1"]
[TimeControl "40/5400+30:1800+30"]

1. e4 c5 2. d3 Nc6 3. f4 g6 4. Nf3 Bg7 5. Be2 e6 6. c3 Nge7 7. O-O O-O 8. Na3 b6 9. Nb5 d6 10. d4 a6 11. dxc5 dxc5 12. Nd6 Nd4 13. cxd4 Qxd6 14. Be3 cxd4 15. e5 Qb4 16. a3 Qa5 17. Qxd4 Nf5 18. Qxb6 Qxb6 19. Bxb6 Rb8 20. Bc5 Rxb2 21. Bd3 Bb7 22. Bxf5 gxf5 23. Bxf8 Bxf8 24. Rfb1 Bc5+ 25. Kh1 Bxa3 26. Rxb2 Bxb2 27. Rb1 Bxf3 28. Rxb2 Bd5 29. Rb6 Bc4 30. Rb7 Kg7 31. Kg1 Bd3 32. Ra7 Bb5 33. Kf2 Bd3 34. Ke3 Bf1 35. g3 Bb5 36. Kd4 Bf1 37. Kc5 Be2 38. Kd6 Bd3 39. Ke7 Bb5 40. Ra8 Be2 41. Rf8 Bh5 42. h3 a5 43. Ra8 Bf3 44. Rxa5 Bg2 45. Ra7 Bf3 46. Rc7 Be2 47. Rc8 Bh5 48. Rf8 Bg6 49. g4 fxg4 50. hxg4 h5 51. gxh5 Bxh5 52. Rb8 Bd1 53. Rb1 Bc2 54. Rg1+ Bg6 55. Rg3 Kh6 56. Kf6 Kh5 57. Rxg6 fxg6 58. Kxe6 Kg4 59. Kf6 Kxf4 60. e6 g5 61. e7 g4 62. e8=Q g3 63. Qe2 g2 64. Qxg2 1-0

[Event "Lueneburg Open-A 2019"]
[Site "Lueneburg"]
[Date "2019.08.07"]
[Round "5.10"]
[White "Poeck, Ole"]
[Black "Kiesel, Harald"]
[Result "1-0"]
[ECO "D34"]
[WhiteElo "2259"]
[BlackElo "2023"]
[Annotator "ChessBase"]
[PlyCount "115"]
[EventDate "2019.08.03"]
[EventType "swiss"]
[EventCountry "GER"]
[SourceTitle "playchess.com"]
[Source "ChessBase"]
[SourceQuality "1"]
[TimeControl "40/5400+30:1800+30"]

1. d4 d5 2. c4 e6 3. Nf3 c5 4. cxd5 exd5 5. Nc3 Nc6 6. g3 Nf6 7. Bg2 Be7 8. O-O O-O 9. Bg5 c4 10. Ne5 Be6 11. e3 Re8 12. f4 Nxe5 13. dxe5 Ng4 14. Bxe7 Rxe7 15. Qd4 Nxe3 16. Qxe3 d4 17. Qf3 dxc3 18. bxc3 Rd7 19. Rad1 Qb6+ 20. Qf2 Qxf2+ 21. Kxf2 Rad8 22. Rxd7 Rxd7 23. Re1 Rd3 24. Re3 Rd2+ 25. Re2 Rd3 26. Be4 Rxc3 27. f5 Bd7 28. Rd2 Be8 29. Rd8 Kf8 30. f6 gxf6 31. exf6 Ra3 32. Bxb7 Rxa2+ 33. Kf3 Ra1 34. Ke2 Ra2+ 35. Ke3 Ra1 36. Kd2 Ra2+ 37. Kd1 Ra1+ 38. Kc2 Ra2+ 39. Kc3 Rxh2 40. Bc6 Re2 41. Bd7 Re4 42. Kb4 a5+ 43. Kc3 h5 44. Ra8 a4 45. Kb4 c3+ 46. Kxc3 a3 47. Kb3 Re3+ 48. Ka2 Re1 49. Rb8 Re3 50. Rd8 Re2+ 51. Kxa3 Re3+ 52. Kb4 Re4+ 53. Kc5 Re1 54. Rxe8+ Rxe8 55. Bxe8 Kxe8 56. Kc6 Kd8 57. Kd6 Ke8 58. Kc7 1-0

[Event "Lueneburg Open-A 2019"]
[Site "Lueneburg"]
[Date "2019.08.07"]
[Round "5.11"]
[White "Schulz, Daniel"]
[Black "Lubbe, Melanie"]
[Result "0-1"]
[ECO "A41"]
[WhiteElo "2071"]
[BlackElo "2258"]
[Annotator "NA"]
[PlyCount "30"]
[EventDate "2019.08.03"]
[EventType "swiss"]
[EventCountry "GER"]
[SourceTitle "playchess.com"]
[Source "ChessBase"]
[SourceQuality "1"]
[TimeControl "40/5400+30:1800+30"]

1. d4 d6 2. Nf3 g6 3. c4 Bg7 4. g3 Nd7 5. Bg2 e5 6. Nc3 Ne7 7. e4 exd4 8. Nxd4 Nc6 9. Be3 Nde5 10. Nxc6 bxc6 11. c5 Rb8 12. h3 Rxb2 13. Rc1 O-O 14. Bf1 dxc5 15. Bxc5 Nf3+ 0-1

[Event "Lueneburg Open-A 2019"]
[Site "Lueneburg"]
[Date "2019.08.07"]
[Round "5.12"]
[White "Mueer, Sebastian"]
[Black "Deutschbein, Christopher"]
[Result "1-0"]
[ECO "E90"]
[WhiteElo "2198"]
[BlackElo "2015"]
[Annotator "NA"]
[PlyCount "78"]
[EventDate "2019.08.03"]
[EventType "swiss"]
[EventCountry "GER"]
[SourceTitle "playchess.com"]
[Source "ChessBase"]
[SourceQuality "1"]
[TimeControl "40/5400+30:1800+30"]

1. d4 Nf6 2. Nf3 g6 3. c4 Bg7 4. Nc3 d6 5. e4 O-O 6. h3 e5 7. d5 a5 8. Be3 Na6 9. g4 Nd7 10. a3 Nac5 11. Rg1 a4 12. Nd2 f5 13. gxf5 gxf5 14. Bh6 Rf7 15. Qh5 Nf6 16. Qg5 Qf8 17. Qh4 fxe4 18. O-O-O Bf5 19. Be3 Nb3+ 20. Nxb3 axb3 21. Be2 c6 22. Kb1 Qe7 23. Qg5 Ne8 24. Bh5 Bg6 25. Bxg6 hxg6 26. Qxg6 Qf6 27. Nxe4 Qxg6 28. Rxg6 Ra4 29. dxc6 bxc6 30. Re6 Rf8 31. Nxd6 Nxd6 32. Rdxd6 Rxc4 33. Rxc6 Re4 34. Rc3 Rb8 35. Rg6 Kh7 36. Rg4 Rxg4 37. hxg4 e4 38. Rc6 Rd8 39. Kc1 Rh8 1-0

[Event "Lueneburg Open-A 2019"]
[Site "Lueneburg"]
[Date "2019.08.07"]
[Round "5.13"]
[White "Koenig, Christian"]
[Black "Terhorst, Jochen"]
[Result "1-0"]
[ECO "C60"]
[WhiteElo "2026"]
[BlackElo "2144"]
[Annotator "NA"]
[PlyCount "63"]
[EventDate "2019.08.03"]
[EventType "swiss"]
[EventCountry "GER"]
[SourceTitle "playchess.com"]
[Source "ChessBase"]
[SourceQuality "1"]
[TimeControl "40/5400+30:1800+30"]

1. e4 e5 2. Nf3 Nc6 3. Bb5 Nge7 4. O-O g6 5. c3 a6 6. Ba4 b5 7. Bc2 Bg7 8. d4 exd4 9. cxd4 d6 10. h3 O-O 11. Nc3 Bb7 12. Be3 Na5 13. Qc1 Re8 14. Ne2 Qd7 15. Ng3 c5 16. b3 Rac8 17. d5 c4 18. Qd2 cxb3 19. axb3 Bc3 20. Qd3 Qc7 21. Ra2 f5 22. exf5 Nxd5 23. fxg6 Rxe3 24. gxh7+ Kh8 25. fxe3 Nb4 26. Qg6 Nxa2 27. Ng5 Bd5 28. Nh5 Nb4 29. Bf5 Rf8 30. Be6 Rxf1+ 31. Kxf1 Bxe6 32. Qe8+ {[%emt 0:11:00] Qd8} 1-0

[Event "Lueneburg Open-A 2019"]
[Site "Lueneburg"]
[Date "2019.08.07"]
[Round "5.14"]
[White "Ishak, Rashid"]
[Black "Garner, Isaac"]
[Result "1/2-1/2"]
[ECO "D05"]
[WhiteElo "2141"]
[BlackElo "1974"]
[Annotator "ChessBase"]
[PlyCount "117"]
[EventDate "2019.08.03"]
[EventType "swiss"]
[EventCountry "GER"]
[SourceTitle "playchess.com"]
[Source "ChessBase"]
[SourceQuality "1"]
[TimeControl "40/5400+30:1800+30"]

1. b3 d5 2. Bb2 Nf6 3. Nf3 e6 4. e3 Be7 5. d4 O-O 6. Bd3 b6 7. O-O Ba6 8. c4 Nbd7 9. Nbd2 c5 10. Qe2 Rc8 11. Rac1 Qc7 12. Rfd1 Qb8 13. g3 Rfd8 14. e4 dxe4 15. Nxe4 Nxe4 16. Qxe4 Nf6 17. Qe3 Bb7 18. d5 exd5 19. Be5 Qa8 20. Qf4 dxc4 21. Nh4 cxd3 22. Nf5 Bf8 23. Nh6+ Kh8 24. Nxf7+ Kg8 25. Nxd8 Rxd8 26. Bxf6 gxf6 27. Qc4+ Kh8 28. Rxd3 Bh1 29. f3 Rxd3 30. Qxd3 Qxf3 31. Qxf3 Bxf3 32. Rf1 Bd5 33. Rxf6 Bg7 34. Rd6 Bd4+ 35. Kf1 Be4 36. Rd8+ Kg7 37. Rd7+ Kf6 38. Rxa7 b5 39. Ke2 c4 40. Ra6+ Ke5 41. bxc4 bxc4 42. Ra5+ Kd6 43. Rb5 c3 44. Rb8 c2 45. Rc8 Bb2 46. Kd2 c1=Q+ 47. Rxc1 Bxc1+ 48. Kxc1 Ke5 49. Kd2 Kd4 50. Ke2 Bd5 51. a4 Ke4 52. a5 Kf5 53. Ke3 Kg4 54. Kd4 Bf3 55. Ke5 Kh3 56. Kf4 Bb7 57. Kg5 Kxh2 58. Kh6 Kxg3 59. Kxh7 1/2-1/2

[Event "Lueneburg Open-A 2019"]
[Site "Lueneburg"]
[Date "2019.08.07"]
[Round "5.15"]
[White "Colbow, Collin"]
[Black "Kroencke, Manfred"]
[Result "1-0"]
[ECO "B47"]
[WhiteElo "2167"]
[BlackElo "2047"]
[Annotator "NA"]
[PlyCount "53"]
[EventDate "2019.08.03"]
[EventType "swiss"]
[EventCountry "GER"]
[SourceTitle "playchess.com"]
[Source "ChessBase"]
[SourceQuality "1"]
[TimeControl "40/5400+30:1800+30"]

1. e4 c5 2. Nf3 e6 3. d4 cxd4 4. Nxd4 Nc6 5. Nc3 Qc7 6. g3 a6 7. Bg2 Nf6 8. O-O Nxd4 9. Qxd4 Bc5 10. Bf4 d6 11. Qd2 h6 12. Rad1 e5 13. Be3 Ke7 14. Bxc5 Qxc5 15. Na4 Qc6 16. f4 Bg4 17. fxe5 dxe5 18. Qb4+ Ke8 19. Rd6 Qb5 20. Qa3 Rc8 21. Rf2 Bd7 22. Nb6 Rc6 23. Nd5 Qc5 24. Nxf6+ gxf6 25. Qxc5 Rxc5 26. Rfd2 Rc7 27. Bh3 1-0

[Event "Lueneburg Open-A 2019"]
[Site "Lueneburg"]
[Date "2019.08.07"]
[Round "5.16"]
[White "Jurkic, Bosiljko"]
[Black "Ramme, Christoph"]
[Result "1/2-1/2"]
[ECO "A13"]
[WhiteElo "2046"]
[BlackElo "2154"]
[Annotator "NA"]
[PlyCount "41"]
[EventDate "2019.08.03"]
[EventType "swiss"]
[EventCountry "GER"]
[SourceTitle "playchess.com"]
[Source "ChessBase"]
[SourceQuality "1"]
[TimeControl "40/5400+30:1800+30"]

1. b3 d5 2. Bb2 c5 3. e3 a6 4. Nf3 Nc6 5. d4 Nf6 6. c4 e6 7. Nc3 cxd4 8. Nxd4 Bd6 9. Be2 Nxd4 10. Qxd4 e5 11. Qh4 dxc4 12. bxc4 Bd7 13. O-O Bc6 14. Rfd1 Qe7 15. Qg3 O-O 16. Nd5 Bxd5 17. cxd5 Rfd8 18. Qf3 h6 19. e4 Rac8 20. Rac1 Qe8 21. Qf5 1/2-1/2

[Event "Lueneburg Open-A 2019"]
[Site "Lueneburg"]
[Date "2019.08.07"]
[Round "5.17"]
[White "Haas, Frank-Martin"]
[Black "Thanisch, Matthias"]
[Result "1/2-1/2"]
[ECO "B14"]
[WhiteElo "2152"]
[BlackElo "1991"]
[Annotator "NA"]
[PlyCount "39"]
[EventDate "2019.08.03"]
[EventType "swiss"]
[EventCountry "GER"]
[SourceTitle "playchess.com"]
[Source "ChessBase"]
[SourceQuality "1"]
[TimeControl "40/5400+30:1800+30"]

1. e4 c6 2. d4 d5 3. exd5 cxd5 4. c4 Nf6 5. Nc3 e6 6. Nf3 Bb4 7. cxd5 Nxd5 8. Qc2 Nc6 9. Bd3 Nf6 10. Be3 Bd7 11. O-O Rc8 12. Qe2 O-O 13. a3 Be7 14. Bc2 Nd5 15. Nxd5 exd5 16. Ne5 Bf6 17. f4 Ne7 18. g4 Bxe5 19. fxe5 Ng6 20. Bf5 1/2-1/2

[Event "Lueneburg Open-A 2019"]
[Site "Lueneburg"]
[Date "2019.08.07"]
[Round "5.19"]
[White "Wronn, Bernd"]
[Black "Fabregas, Oliver"]
[Result "1-0"]
[ECO "A30"]
[WhiteElo "2128"]
[BlackElo "1956"]
[Annotator "NA"]
[PlyCount "83"]
[EventDate "2019.08.03"]
[EventType "swiss"]
[EventCountry "GER"]
[SourceTitle "playchess.com"]
[Source "ChessBase"]
[SourceQuality "1"]
[TimeControl "40/5400+30:1800+30"]

1. Nf3 c5 2. c4 b6 3. g3 Bb7 4. Bg2 Nf6 5. O-O g6 6. Nc3 Bg7 7. Re1 d6 8. e4 Nbd7 9. d4 cxd4 10. Nxd4 Rb8 11. f4 O-O 12. Be3 a6 13. Bf2 e6 14. Rc1 h5 15. h3 Qe7 16. b4 Rfc8 17. Qd3 Kh8 18. Nf3 Rd8 19. Ng5 Qf8 20. Red1 Kg8 21. Qxd6 Qxd6 22. Rxd6 Bf8 23. Rd3 Bxb4 24. Rb1 Bxc3 25. Rxc3 Bc6 26. Rcb3 b5 27. e5 Bxg2 28. Kxg2 Ne8 29. cxb5 axb5 30. Rxb5 Rxb5 31. Rxb5 Nc7 32. Rb7 Nd5 33. a4 h4 34. a5 hxg3 35. Kxg3 Nf8 36. Nxf7 Ra8 37. Bb6 Nxb6 38. axb6 Ra3+ 39. Kg4 Rb3 40. Nd6 Nh7 41. Rb8+ Kg7 42. b7 1-0

[Event "Lueneburg Open-A 2019"]
[Site "Lueneburg"]
[Date "2019.08.07"]
[Round "5.20"]
[White "Probst, Alexander"]
[Black "Dijkhuis, Oele"]
[Result "1/2-1/2"]
[ECO "B51"]
[WhiteElo "1969"]
[BlackElo "2161"]
[Annotator "NA"]
[PlyCount "84"]
[EventDate "2019.08.03"]
[EventType "swiss"]
[EventCountry "GER"]
[SourceTitle "playchess.com"]
[Source "ChessBase"]
[SourceQuality "1"]
[TimeControl "40/5400+30:1800+30"]

1. e4 c5 2. Nf3 d6 3. Bb5+ Nd7 4. O-O Ngf6 5. Re1 a6 6. Bf1 b5 7. d4 cxd4 8. Qxd4 e5 9. Qd1 Bb7 10. Nc3 b4 11. Nd5 Nxd5 12. exd5 Be7 13. c4 O-O 14. a3 a5 15. Bd2 bxa3 16. Rxa3 Nc5 17. b4 axb4 18. Rxa8 Qxa8 19. Bxb4 Na6 20. Ba3 Nc7 21. Qd3 f6 22. Nd4 Qa5 23. Re3 g6 24. Rg3 exd4 25. Rxg6+ Kh8 26. Rh6 Rf7 27. Bb2 Qa8 28. Bxd4 Qf8 29. Qh3 Bc8 30. Qh5 Qg8 31. Bd3 Bd7 32. g3 Be8 33. Qh4 Bf8 34. Rxf6 Rxf6 35. Qxf6+ Bg7 36. Qf4 Bxd4 37. Qxd4+ Qg7 38. Qh4 Bg6 39. Qd8+ Ne8 40. Bxg6 Qxg6 41. Qe7 h6 42. Kg2 Ng7 1/2-1/2

[Event "Lueneburg Open-A 2019"]
[Site "Lueneburg"]
[Date "2019.08.07"]
[Round "5.21"]
[White "Klages, Hans Juergen"]
[Black "Schwarz, Jochen"]
[Result "1/2-1/2"]
[ECO "C01"]
[WhiteElo "2095"]
[BlackElo "1909"]
[Annotator "NA"]
[PlyCount "30"]
[EventDate "2019.08.03"]
[EventType "swiss"]
[EventCountry "GER"]
[SourceTitle "playchess.com"]
[Source "ChessBase"]
[SourceQuality "1"]
[TimeControl "40/5400+30:1800+30"]

1. e4 e6 2. d4 d5 3. Nc3 Nf6 4. Bd3 c5 5. exd5 exd5 6. Bg5 Be6 7. Nf3 Nc6 8. O-O cxd4 9. Nb5 Be7 10. Nbxd4 Bg4 11. Nf5 Bxf5 12. Bxf5 O-O 13. c3 Ne4 14. Bxe7 Nxe7 15. Bxe4 dxe4 1/2-1/2

[Event "Lueneburg Open-A 2019"]
[Site "Lueneburg"]
[Date "2019.08.07"]
[Round "5.22"]
[White "von Estorff, Jacob"]
[Black "Meschke, Oliver"]
[Result "1-0"]
[ECO "B35"]
[WhiteElo "2055"]
[BlackElo "1900"]
[Annotator "NA"]
[PlyCount "123"]
[EventDate "2019.08.03"]
[EventType "swiss"]
[EventCountry "GER"]
[SourceTitle "playchess.com"]
[Source "ChessBase"]
[SourceQuality "1"]
[TimeControl "40/5400+30:1800+30"]

1. e4 c5 2. Nf3 Nc6 3. d4 cxd4 4. Nxd4 g6 5. Nc3 Bg7 6. Be3 Nf6 7. Bc4 Qa5 8. O-O O-O 9. Bb3 d6 10. h3 Bd7 11. f4 Nxd4 12. Bxd4 Bc6 13. Qe2 Qb4 14. Rad1 Nxe4 15. Bxg7 Kxg7 16. Nxe4 Bxe4 17. Kh2 f5 18. Qe3 b6 19. Bd5 Rac8 20. Rd4 Qc5 21. Bxe4 fxe4 22. Qxe4 e5 23. Rd2 Qc4 24. Qxc4 Rxc4 25. b3 Rcxf4 26. Rxf4 Rxf4 27. Rxd6 Rf2 28. Rd7+ Kf6 29. Rxh7 e4 30. Kg3 Rxc2 31. Rxa7 Ke5 32. Rb7 Rc3+ 33. Kg4 Rc2 34. g3 Rc6 35. Rd7 Rf6 36. Re7+ Kd4 37. Kg5 Rf3 38. g4 Rxh3 39. Kxg6 e3 40. g5 Kd3 41. a4 Kd2 42. b4 Rh4 43. a5 b5 44. Kf5 Rxb4 45. g6 Rb1 46. g7 Rg1 47. a6 Rf1+ 48. Ke4 e2 49. Kd4 Rf4+ 50. Kd5 Rf5+ 51. Kc6 Rg5 52. a7 Rxg7 53. Rxe2+ Kxe2 54. a8=Q Rg3 55. Kxb5 Re3 56. Qg2+ Kd3 57. Kc5 Re5+ 58. Kd6 Re4 59. Qf2 Rd4+ 60. Ke5 Re4+ 61. Kd5 Re3 62. Qb2 1-0

[Event "Lueneburg Open-A 2019"]
[Site "Lueneburg"]
[Date "2019.08.07"]
[Round "5.23"]
[White "Schulze, Lukas"]
[Black "Comes, Bruno"]
[Result "0-1"]
[ECO "A35"]
[WhiteElo "1724"]
[BlackElo "2165"]
[Annotator "NA"]
[PlyCount "72"]
[EventDate "2019.08.03"]
[EventType "swiss"]
[EventCountry "GER"]
[SourceTitle "playchess.com"]
[Source "ChessBase"]
[SourceQuality "1"]
[TimeControl "40/5400+30:1800+30"]

1. Nf3 c5 2. c4 Nc6 3. d4 cxd4 4. Nxd4 g6 5. Nc3 Bg7 6. Be3 Nf6 7. g3 O-O 8. Bg2 Ng4 9. Nxc6 dxc6 10. Bf4 Qb6 11. O-O Qxb2 12. Na4 Qxa1 13. Qxa1 Bxa1 14. Rxa1 Rd8 15. Nc5 e5 16. Bg5 f6 17. Bc1 Rd1+ 18. Bf1 Nxh2 19. Kxh2 Rxf1 20. Kg2 Rd1 21. Nd3 Bf5 22. Nc5 b6 23. Nb3 Rad8 24. c5 Bc2 25. cxb6 axb6 26. Be3 Bxb3 27. Rxd1 Bxd1 28. Bxb6 Rb8 29. Bc5 Bxe2 30. a3 Rb3 31. Kh3 f5 32. Kg2 Bf3+ 33. Kh3 Rb1 34. Kh4 h6 35. g4 f4 36. g5 Rh1# {[%emt 0:09:00] a4} 0-1